[Event "ICCopen2017"]
[Site "Internet Chess Club"]
[Date "2017.04.02"]
[Round "7"]
[White "TeddyBear"]
[Black "vishweshk"]
[Result "0-1"]
[ICCResult "White forfeits on time"]
[WhiteElo "1663"]
[BlackElo "1851"]
[Opening "QGD: classical variation (5.Bf4)"]
[ECO "D37"]
[NIC "QO.04"]
[Time "20:20:10"]
[TimeControl "180+0"]

1. d4 e6 2. c4 d5 3. Nc3 Nf6 4. Nf3 Be7 5. Bf4 O-O 6. e3 c6 7. Rc1 a6 8. Ne5
Nbd7 9. Bd3 Nxe5 10. dxe5 Nd7 11. Qh5 g6 12. Qg4 dxc4 13. Bxc4 b5 14. Bb3 c5
15. Rd1 c4 16. Bc2 Bb7 17. O-O Qc7 18. Be4 Nc5 19. Bxb7 Qxb7 20. Rd2 Rfd8
21. Rfd1 Rxd2 22. Rxd2 Rd8 23. Qd1 Rxd2 24. Qxd2 Qd7 25. Qxd7 Nxd7 26. Ne4
Nc5 27. Nxc5 Bxc5 28. Kf1 h5 29. Ke2 Kf8 30. Kd2 Ke8 31. Kc3 Kd7 32. Bg5 Kc6
33. Bf6 Kd5 34. h3 b4+ 35. Kd2 a5 36. Bd8 a4 37. Bc7 b3 38. a3 g5 39. f3 Be7
40. e4+ Kd4 41. Ba5 Kc5 42. Bb4+ Kc6 43. Bxe7 h4 44. Bxg5 Kd7 45. Kc3 Ke8
46. Kxc4 f6 47. exf6 Kf7 48. e5 Kg6 {White forfeits on time} 0-1

[Event "ICCopen2017"]
[Site "Internet Chess Club"]
[Date "2017.04.02"]
[Round "7"]
[White "nikenwidiartto"]
[Black "trianon"]
[Result "1-0"]
[ICCResult "Black forfeits on time"]
[WhiteElo "1852"]
[BlackElo "2010"]
[Opening "Sicilian: Grand Prix attack"]
[ECO "B23"]
[NIC "SI.44"]
[Time "20:20:13"]
[TimeControl "180+0"]

1. e4 c5 2. Nc3 Nc6 3. f4 g6 4. Nf3 Bg7 5. Bb5 Nd4 6. O-O a6 7. Bc4 b5 8.
Bd5 Rb8 9. d3 c4 10. dxc4 Nxf3+ 11. Qxf3 e6 12. f5 gxf5 13. Qg3 Bd4+ 14. Kh1
Qb6 15. c5 Bxc5 16. Qg7 Bd4 17. e5 Qc7 18. Qxh8 Kf8 19. Bf3 Bxe5 20. Qxh7
Bb7 21. Be3 Bxc3 22. bxc3 Qxc3 23. Bxb7 Rxb7 24. Rad1 Qxe3 25. Qh5 Rc7 26.
Qh4 Rc8 27. Rxd7 Qe2 28. Rd8+ Rxd8 29. Qxd8+ Kg7 30. Qg5+ Kf8 31. Rc1 Qe4
32. Rd1 f6 33. Qg6 Qa8 34. h4 Qe8 35. Qg3 Qe7 36. Qb8+ Kg7 37. Qc8 Qb4 38.
Rd7+ Kh6 39. Qxg8 Qxh4+ 40. Kg1 Qe1+ 41. Kh2 Qh4+ 42. Kg1 Qe1+ 43. Kh2 Qh4+
44. Kg1 Qe1+ 45. Kh2 Qh4+ 46. Kg1 Qe1+ 47. Kh2 {Black forfeits on time} 1-0

[Event "ICCopen2017"]
[Site "Internet Chess Club"]
[Date "2017.04.02"]
[Round "7"]
[White "patterncircular"]
[Black "shirovinster"]
[Result "1-0"]
[ICCResult "Black forfeits on time"]
[WhiteElo "2042"]
[BlackElo "1739"]
[Opening "Réti opening"]
[ECO "A04"]
[NIC "QP.10"]
[Time "20:19:47"]
[TimeControl "180+0"]

1. Nf3 c5 2. d3 Nc6 3. c3 g6 4. Bg5 Bg7 5. Nbd2 h6 6. Bh4 Nf6 7. e4 d6 8.
Be2 O-O 9. O-O Kh7 10. Qc2 Bd7 11. Rfe1 Rb8 12. a3 b5 13. h3 a5 14. Bg3 b4
15. Nc4 bxc3 16. bxc3 Be6 17. Nfd2 Nd7 18. f4 d5 19. e5 dxc4 20. dxc4 Nb6
21. Bd3 Qc8 22. Rad1 Bf5 23. Bxf5 Qxf5 24. Qxf5 gxf5 25. Bf2 Nd7 26. Nf3
Rfd8 27. g4 fxg4 28. hxg4 e6 29. Rd6 Rbc8 30. Bh4 Bf8 31. Rxc6 Rxc6 32. Bxd8
Nb6 33. Bxb6 Rxb6 34. Rd1 Rb3 35. Rd3 Rxa3 36. Nd2 Ra1+ 37. Kg2 a4 38. Rd8
Be7 39. Rd7 Bh4 40. Rxf7+ Kg6 41. Ra7 a3 42. Ne4 Be1 43. Ra6 a2 44. f5+ Kf7
45. fxe6+ Ke7 46. Nxc5 Bxc3 47. Nb3 Rb1 48. Rxa2 Rxb3 49. Rc2 Kxe6 50. Kf3
Kxe5 51. Ke2 Bd4 52. c5 Rb7 53. c6 Rc7 54. Kd3 Bb6 55. Rh2 Rh7 56. Rh5+ Kd6
57. Kc4 Kxc6 58. g5 Be3 59. gxh6 Bxh6 60. Rf5 Kd6 61. Rf6+ Ke7 62. Rf3 Bf8
63. Re3+ Kf7 64. Rf3+ Kg8 65. Rg3+ Bg7 66. Rf3 Rh4+ 67. Kd5 Rh5+ 68. Ke6
Rh6+ 69. Kd7 Ra6 70. Rb3 Kf7 71. Kd8 Bf6+ 72. Kc7 Ra7+ 73. Kc8 Be7 74. Kb8
Ke8 75. Rf3 Rb7+ 76. Kxb7 Kd7 77. Ka6 {Black forfeits on time} 1-0

[Event "ICCopen2017"]
[Site "Internet Chess Club"]
[Date "2017.04.02"]
[Round "7"]
[White "Activekids"]
[Black "unkavalo"]
[Result "0-1"]
[ICCResult "White forfeits on time"]
[WhiteElo "2009"]
[BlackElo "2361"]
[Opening "Caro-Kann: Tartakower (fantasy) variation"]
[ECO "B12"]
[NIC "CK.02"]
[Time "20:20:13"]
[TimeControl "180+0"]

1. e4 c6 2. d4 d5 3. f3 e6 4. Nc3 Bb4 5. a3 Ba5 6. e5 Ne7 7. f4 O-O 8. Nf3
b5 9. g3 a6 10. Bh3 Nd7 11. O-O c5 12. Be3 cxd4 13. Nxd4 Nc5 14. b4 Bb6 15.
bxc5 Bxc5 16. Qd2 Qb6 17. Bf2 Bd7 18. Rfb1 Rfc8 19. Na4 bxa4 20. Rxb6 Bxb6
21. f5 exf5 22. Qg5 Ng6 23. e6 fxe6 24. Bg2 Rc4 25. Nxf5 Bxf2+ 26. Kxf2 Rf8
27. g4 Rxc2+ 28. Kg1 exf5 29. Bxd5+ Kh8 30. gxf5 Bxf5 31. Re1 h6 32. Qg3 Kh7
33. Rf1 Rf6 34. h4 Rc5 35. Rxf5 Rxf5 36. Be4 Rc1+ 37. Kh2 Rcc5 38. Bxf5 Rxf5
39. Qd3 Rf4 40. h5 Rh4+ 41. Kg2 Rxh5 42. Qe4 Rg5+ 43. Kf1 Re5 44. Qd4 Rf5+
45. Ke1 Rf4 46. Qb6 Rf5 47. Qxa6 Re5+ 48. Kf1 Rd5 49. Qd3 Rd4 50. Qxd4 h5
51. Qe4 Kh6 {White forfeits on time} 0-1

[Event "ICCopen2017"]
[Site "Internet Chess Club"]
[Date "2017.04.02"]
[Round "7"]
[White "KnightWalker"]
[Black "Massada"]
[Result "1-0"]
[ICCResult "Black forfeits on time"]
[WhiteElo "1337"]
[BlackElo "1467"]
[Opening "Ruy Lopez: Berlin defense"]
[ECO "C65"]
[NIC "RL.07"]
[Time "20:20:04"]
[TimeControl "180+0"]

1. e4 e5 2. Nf3 Nc6 3. Bb5 Nf6 4. Bxc6 dxc6 5. h3 Bd6 6. O-O O-O 7. Re1 Be6
8. d4 Nd7 9. c3 f6 10. Nbd2 Qe7 11. Nb3 b6 12. Be3 a5 13. Qe2 Qf7 14. Nc1
Bc4 15. Qc2 a4 16. Nd2 Be6 17. Nd3 Bxa2 18. d5 cxd5 19. Rxa2 dxe4 20. Nb4
Bxb4 21. Rxa4 Rxa4 22. Qxa4 Bc5 23. Nxe4 Bxe3 24. Rxe3 Qd5 25. Re1 Nc5 26.
Nxc5 bxc5 27. Rd1 Qe6 28. Qd7 Qb6 29. Qd5+ Kh8 30. b3 h6 31. Kh2 Rb8 32. Rb1
c4 33. Qxc4 Qxf2 34. b4 c5 35. b5 Rb6 36. Rd1 Qf4+ 37. Qxf4 exf4 38. c4 g5
39. Rd8+ Kg7 40. Rd7+ Kg6 41. Rc7 Kf5 42. Rc6 Rb7 43. b6 Ke5 44. Rxc5+
{Black forfeits on time}
1-0

[Event "ICCopen2017"]
[Site "Internet Chess Club"]
[Date "2017.04.02"]
[Round "7"]
[White "kaalzar"]
[Black "fisherino"]
[Result "0-1"]
[ICCResult "White forfeits on time"]
[WhiteElo "1359"]
[BlackElo "1541"]
[Opening "Sicilian: closed"]
[ECO "B23"]
[NIC "SI.44"]
[Time "20:21:04"]
[TimeControl "180+0"]

1. e4 c5 2. Nc3 d6 3. Bc4 e6 4. d3 Nc6 5. a4 Be7 6. Nge2 Nf6 7. Bg5 O-O 8.
O-O Nxe4 9. Bxe7 Nxc3 10. Bxd8 Nxd1 11. Bc7 Nxb2 12. Bxd6 Rd8 13. Bxc5 Nxc4
14. dxc4 b6 15. Be3 Bb7 16. c5 bxc5 17. Bxc5 Rd2 18. Ng3 Rxc2 19. Rfc1 Rxc1+
20. Rxc1 Rc8 21. Be3 Ne5 22. Rxc8+ Bxc8 23. Bxa7 Nc4 24. Ne4 Bb7 25. Nc5 Bc6
26. Kf1 Kf8 27. Ke1 Ke7 28. Kd1 Kd6 29. Kc2 Na5 30. Kd3 Bxg2 31. Ne4+ Bxe4+
32. Kxe4 Kc6 33. Be3 Nc4 34. Bd4 Nd6+ 35. Kd3 f6 36. f4 Nb7 37. Kc4 Nd6+ 38.
Kb4 Nf5 39. Bc5 e5 40. fxe5 fxe5 41. a5 e4 42. a6 e3 43. a7 Kb7
{White forfeits on time}
0-1

[Event "ICCopen2017"]
[Site "Internet Chess Club"]
[Date "2017.04.02"]
[Round "7"]
[White "chessrex"]
[Black "Bojongrenged"]
[Result "1-0"]
[ICCResult "Black forfeits on time"]
[WhiteElo "1909"]
[BlackElo "1678"]
[Opening "Paleface attack"]
[ECO "A45"]
[NIC "QP.07"]
[Time "20:20:16"]
[TimeControl "180+0"]

1. d4 Nf6 2. f3 e6 3. e4 d5 4. Be3 c6 5. Nd2 Be7 6. e5 Nfd7 7. c3 a6 8. Bd3
O-O 9. f4 f5 10. Ngf3 c5 11. O-O Nc6 12. Rb1 b5 13. Bc2 cxd4 14. Nxd4 Nxd4
15. Bxd4 Qc7 16. Nf3 Bb7 17. Kh1 Nc5 18. Bxc5 Qxc5 19. Nd4 Qb6 20. a3 Bc5
21. Qd2 Bxd4 22. Qxd4 Qxd4 23. cxd4 Rac8 24. Bd3 Rc7 25. Rbc1 Rfc8 26. Rxc7
Rxc7 27. Kg1 Kf7 28. Kf2 h6 29. Ke3 g5 30. g3 Bc8 31. Kd2 Bd7 32. Rc1 Rxc1
33. Kxc1 a5 34. Kd2 b4 35. axb4 axb4 36. Kc2 Ba4+ 37. Kd2 Kg6 38. Ke3 h5 39.
fxg5 Kxg5 40. h3 h4 41. gxh4+ Kxh4 42. Bf1 Bc2 43. Kf4 Be4 44. Bb5 Kxh3 45.
Bd7 Kg2 46. Bxe6 Kf2 47. Bxf5 Bf3 48. e6 Bh5 49. e7 Be8 50. Be6 Ke2 51. Bxd5
Kd3 52. Ke5 Kc2 53. b3 Kc3 54. Bc4 Bd7 55. d5 Be8 56. d6 Bd7 57. Be6
{Black forfeits on time}
1-0

[Event "ICCopen2017"]
[Site "Internet Chess Club"]
[Date "2017.04.02"]
[Round "7"]
[White "LiangLiang"]
[Black "kabindra"]
[Result "0-1"]
[ICCResult "White forfeits on time"]
[WhiteElo "1810"]
[BlackElo "1636"]
[Opening "Queen's pawn game, Chigorin variation"]
[ECO "A04"]
[NIC "QP.11"]
[Time "20:20:16"]
[TimeControl "180+0"]

1. Nf3 Nc6 2. d4 d5 3. c4 Nf6 4. Nc3 e6 5. e3 Be7 6. a3 O-O 7. h4 h6 8. Be2
Bd6 9. c5 Be7 10. b4 b6 11. b5 Na5 12. c6 Nc4 13. Bxc4 dxc4 14. Qa4 Nd5 15.
Qxc4 Nxc3 16. Qxc3 Bd6 17. Bb2 Qf6 18. O-O-O Qg6 19. Qc2 Qh5 20. Rdg1 Qxb5
21. g4 Ba6 22. Ne1 Qa5 23. g5 h5 24. g6 f6 25. Qd1 Qd5 26. Rg5 Qxc6+ 27. Kb1
Qxh1 28. Qxh5 Qxe1+ 29. Bc1 Bd3+ 30. Kb2 Qe2+ 31. Qxe2 Bxe2 32. Rg2 Bh5 33.
e4 e5 34. dxe5 Bxe5+ 35. Ka2 f5 36. exf5 Rxf5 37. Bg5 Bd4 38. f4 Be3 39. Rc2
Bxf4 40. Bxf4 Rxf4 41. Rxc7 Bxg6 42. Rb7 Bf7+ 43. Rxf7 Kxf7 44. Kb2 Re8 45.
Kc2 Re3 46. Kd2 Rff3 47. Kc2 Rxa3 48. Kb2 Rae3 {White forfeits on time} 0-1

[Event "ICCopen2017"]
[Site "Internet Chess Club"]
[Date "2017.04.02"]
[Round "7"]
[White "Pashket"]
[Black "ural"]
[Result "0-1"]
[ICCResult "White checkmated"]
[WhiteElo "2622"]
[BlackElo "2353"]
[Opening "Ruy Lopez: classical (Cordel) defense"]
[ECO "C64"]
[NIC "RL.01"]
[Time "20:20:55"]
[TimeControl "180+0"]

1. e4 e5 2. Nf3 Nc6 3. Bb5 Bc5 4. d3 Nd4 5. Nxd4 Bxd4 6. c3 Bb6 7. O-O c6 8.
Ba4 Nf6 9. Bg5 O-O 10. Nd2 h6 11. Bh4 d6 12. Nc4 Bc7 13. Ne3 b5 14. Bc2 Bb6
15. d4 g5 16. Bg3 Qe7 17. d5 cxd5 18. exd5 Kg7 19. Qd2 Bd7 20. Nf5+ Bxf5 21.
Bxf5 Nh5 22. Qe2 Nxg3 23. hxg3 a6 24. Kh2 Qf6 25. g4 Rfe8 26. a4 bxa4 27.
Rxa4 a5 28. Qb5 Rab8 29. Qc6 e4 30. g3 h5 31. Kg2 hxg4 32. Bxg4 Qg6 33. Qd7
Rbd8 34. Qf5 Qxf5 35. Bxf5 e3 36. fxe3 Rxe3 37. Bg4 Rde8 38. Rc4 Bc5 39. b4
axb4 40. cxb4 Bb6 41. Rc6 Bd4 42. Rxd6 Rb3 43. Rd7 Rb2+ 44. Kf3 Re3#
{White checkmated}
0-1

[Event "ICCopen2017"]
[Site "Internet Chess Club"]
[Date "2017.04.02"]
[Round "7"]
[White "chigato"]
[Black "aravind6904"]
[Result "0-1"]
[ICCResult "White forfeits on time"]
[WhiteElo "1604"]
[BlackElo "1447"]
[Opening "KP: King's head opening"]
[ECO "A00"]
[Time "20:20:19"]
[TimeControl "180+0"]

1. f3 e5 2. e4 d6 3. c3 Nc6 4. Bd3 Nf6 5. Bc2 Be6 6. d3 Be7 7. f4 Bd7 8. f5
O-O 9. Nf3 d5 10. Qe2 dxe4 11. dxe4 Bc5 12. Be3 Bxe3 13. Qxe3 Qe7 14. Nbd2
Rfe8 15. h3 Rad8 16. O-O h6 17. Rad1 Nh7 18. Qf2 Ng5 19. Nh4 Nh7 20. Nhf3
Ng5 21. Nh4 Nh7 22. Ndf3 Ng5 23. Kh2 Nxf3+ 24. Nxf3 Bc8 25. Rfe1 Rxd1 26.
Rxd1 Rd8 27. Qe2 Rxd1 28. Qxd1 Qd7 29. Qe2 Qe7 30. Qe3 b6 31. Qe1 Bd7 32.
Qg3 f6 33. Nh4 Bc8 34. Bb3+ Kh7 35. Qg6+ Kh8 36. Qg3 Kh7 37. Ng6 Qd6 38. Nh4
Qe7 39. Qg6+ Kh8 40. Qh5 Qd6 41. Ng6+ Kh7 42. Nh4 Qe7 43. Bd5 Bd7 44. Ng6
Qd6 45. Nh4 Ne7 46. Qf7 Nxd5 47. exd5 e4+ 48. Kh1 Qf4 49. Qg6+ Kh8 50. g3
Qf1+ 51. Kh2 Qf2+ 52. Ng2 Qf3 {White forfeits on time} 0-1

[Event "ICCopen2017"]
[Site "Internet Chess Club"]
[Date "2017.04.02"]
[Round "7"]
[White "Nightlife"]
[Black "Zheus"]
[Result "0-1"]
[ICCResult "White forfeits on time"]
[WhiteElo "1775"]
[BlackElo "1998"]
[Opening "Sicilian: Smith-Morra gambit"]
[ECO "B21"]
[NIC "SI.48"]
[Time "20:20:12"]
[TimeControl "180+0"]

1. e4 c5 2. d4 cxd4 3. c3 dxc3 4. Nxc3 Nc6 5. Nf3 e6 6. Bc4 a6 7. Qe2 Nge7
8. Bf4 Ng6 9. Bg3 Be7 10. e5 O-O 11. h4 Bb4 12. h5 Nge7 13. Bd3 h6 14. Qe4
Nf5 15. Nh4 d5 16. exd6 Bxc3+ 17. bxc3 Qa5 18. O-O Qxc3 19. Nxf5 exf5 20.
Qe3 Be6 21. Rac1 Qf6 22. Qf4 Rad8 23. Bh4 Qe5 24. Qxe5 Nxe5 25. Bxd8 Rxd8
26. Be2 Rxd6 27. Rc7 Bd5 28. f4 Nd7 29. Rd1 Nf6 30. Bf3 Ne4 31. Bxe4 fxe4
32. Rxb7 e3 33. Rb8+ Kh7 34. Re8 Re6 35. Rxe6 Bxe6 36. Re1 Bxa2 37. Rxe3 Bc4
38. Rc3 Bb5 39. Rc7 Kg8 40. Ra7 g6 41. Kf2 gxh5 42. Ke3 Kg7 43. Ke4 Bc6+ 44.
Ke5 Bxg2 45. Rxa6 h4 46. f5 h3 47. f6+ Kg6 48. Ra3 Kh5 49. Rg3 h2 50. Rxg2
h1=Q 51. Rg7 Qa1+ 52. Kd6 Qa2 53. Ke7 Qe6+ 54. Kf8 Qxf6 55. Rxf7 Qxf7+ 56.
Kxf7 Kg5 57. Kg7 h5 58. Kh7 h4 {White forfeits on time} 0-1

[Event "ICCopen2017"]
[Site "Internet Chess Club"]
[Date "2017.04.02"]
[Round "7"]
[White "EddieBarber"]
[Black "DoctorWho"]
[Result "0-1"]
[ICCResult "White forfeits on time"]
[WhiteElo "1718"]
[BlackElo "1960"]
[Opening "Sicilian: dragon, Yugoslav attack, Rauser variation"]
[ECO "B76"]
[NIC "SI.17"]
[Time "20:20:27"]
[TimeControl "180+0"]

1. e4 c5 2. Nf3 d6 3. d4 cxd4 4. Nxd4 Nf6 5. Nc3 g6 6. Be3 Bg7 7. f3 O-O 8.
Qd2 Nc6 9. O-O-O d5 10. Qe1 e5 11. Nxc6 bxc6 12. exd5 Nxd5 13. Bc4 Be6 14.
Nxd5 cxd5 15. Bb3 a5 16. a3 a4 17. Ba2 Rb8 18. Bc5 Re8 19. Bb4 Rc8 20. h4
Qc7 21. c3 Bh6+ 22. Kb1 Bf5+ 23. Ka1 d4 24. g4 Bc2 25. g5 Bf8 26. Rc1 Bxb4
27. cxb4 d3 28. Qd2 Qb7 29. h5 e4 30. hxg6 hxg6 31. Qh2 Kf8 32. Qh8+ Ke7 33.
Qe5+ Kd7 34. Qd4+ Kc7 35. fxe4 Rxe4 36. Qc5+ Kb8 37. Qd6+ Qc7 38. Qxc7+ Rxc7
39. Rh8+ Ka7 40. Bd5 Rce7 41. Ra8+ Kb6 42. Rb8+ Kc7 43. Rb7+ Kd8 44. Bxe4
Rxe4 45. Rxf7 Re2 46. Rf6 Ke7 47. Rc6 d2 48. R6xc2 d1=Q 49. Rxd1 Rxc2 50.
Rd5 Kf7 51. Ra5 Kg7 52. Rxa4 Rc7 53. b5 Rf7 54. b6 Kg8 {White forfeits on
time} 0-1

[Event "ICCopen2017"]
[Site "Internet Chess Club"]
[Date "2017.04.02"]
[Round "7"]
[White "glokoll"]
[Black "Cramagica"]
[Result "1-0"]
[ICCResult "Black forfeits on time"]
[WhiteElo "1562"]
[BlackElo "1154"]
[Opening "Benko's opening"]
[ECO "A00"]
[NIC "VO.09"]
[Time "20:22:02"]
[TimeControl "180+0"]

1. g3 c5 2. Bg2 d5 3. c4 Nf6 4. Qb3 dxc4 5. Qxc4 Qc7 6. e4 Be6 7. Qa4+ Nc6
8. Nc3 Bd7 9. a3 Nd4 10. Qd1 e5 11. d3 Be7 12. Nge2 O-O 13. O-O a6 14. f3 b5
15. Nd5 Nxd5 16. exd5 Bd6 17. f4 exf4 18. Nxf4 Rfe8 19. Bd2 Re7 20. b4 Rae8
21. bxc5 Bxc5 22. Bb4 Bxb4 23. axb4 Qb6 24. Kh1 Re3 25. Ra2 Bf5 26. Raf2 g5
27. Nh5 Bg6 28. Nf6+ Kg7 29. Nxe8+ {Black forfeits on time} 1-0

[Event "ICCopen2017"]
[Site "Internet Chess Club"]
[Date "2017.04.02"]
[Round "7"]
[White "Eloist"]
[Black "garompon"]
[Result "1-0"]
[ICCResult "Black forfeits on time"]
[WhiteElo "2166"]
[BlackElo "2435"]
[Opening "Bishop's opening: Berlin defense"]
[ECO "C24"]
[NIC "IG.04"]
[Time "20:20:30"]
[TimeControl "180+0"]

1. e4 e5 2. Bc4 Nf6 3. d3 c6 4. Nf3 d5 5. Bb3 Bd6 6. Nc3 d4 7. Ne2 O-O 8. c3
dxc3 9. bxc3 Bg4 10. Ng3 Nbd7 11. h3 Bxf3 12. Qxf3 Nc5 13. Bc2 Ne6 14. O-O
Re8 15. Rb1 b5 16. Nf5 Bf8 17. Be3 a5 18. Rfd1 b4 19. d4 exd4 20. cxd4 g6
21. Ng3 Bg7 22. Ba4 Rc8 23. Rbc1 Re7 24. Bxc6 Rec7 25. d5 Qe7 26. d6 Qf8 27.
dxc7 Rxc7 28. Bd5 Re7 29. Rc6 Nd7 30. Bxe6 Ne5 31. Qe2 Nxc6 32. Bd5 Ne5 33.
Bc5 h5 34. Qb5 h4 35. Ne2 Bf6 36. Nd4 Kg7 37. Nc6 Nxc6 38. Qxc6 Qe8 39. Bxe7
Qxe7 40. f4 Bc3 41. e5 Qa7+ 42. Kf1 Qe3 43. Qc4 Bd2 44. Qe4 Qxf4+ 45. Qxf4
Bxf4 46. e6 fxe6 47. Bxe6 Kf6 48. Bb3 Be5 49. Rd7 Bc3 50. Ra7 Ke5 51. Ra6
Kd4 52. Rxa5 Ke3 53. Rg5 Kd2 54. Rxg6 Kc1 55. Rh6 Kb2 56. Rxh4 Ka3 57. Rxb4
Bb2 58. g4 Kxb4 59. g5 Be5 60. h4 Bg7 61. h5 Bf6 62. h6 {Black forfeits on
time} 1-0

[Event "ICCopen2017"]
[Site "Internet Chess Club"]
[Date "2017.04.02"]
[Round "7"]
[White "Fighterman"]
[Black "Molton"]
[Result "0-1"]
[ICCResult "White forfeits on time"]
[WhiteElo "2490"]
[BlackElo "3053"]
[Opening "Sicilian: Taimanov (Bastrikov) variation"]
[ECO "B47"]
[NIC "SI.40"]
[Time "20:20:15"]
[TimeControl "180+0"]

1. e4 c5 2. Nf3 e6 3. d4 cxd4 4. Nxd4 Nc6 5. Nc3 Qc7 6. Be2 Nf6 7. O-O Be7
8. Be3 O-O 9. f4 d6 10. Kh1 a6 11. a4 Re8 12. Bf3 Bd7 13. Nb3 b6 14. g4 Bc8
15. g5 Nd7 16. Bg2 Bb7 17. Rf3 g6 18. Rh3 Bf8 19. Qe1 Bg7 20. Qf2 Rac8 21.
Rd1 Nb4 22. Qh4 Nf8 23. Qf2 Nd7 24. Qh4 Nf8 25. Qf2 Nd7 26. Rf1 f5 27. Qh4
Nf8 28. Qf2 Nd7 29. Qh4 Nf8 30. Qf2 b5 31. axb5 axb5 32. Nxb5 Qd7 33. Nc3
Bxc3 34. bxc3 Rxc3 35. exf5 exf5 36. Nd4 Bxg2+ 37. Kxg2 Nd5 38. Bd2 Rxh3 39.
Kxh3 Re4 40. Re1 h6 41. Kg2 hxg5 42. fxg5 Qe7 43. Nf3 Qe6 44. h3 Nd7 45. Kf1
Nc5 46. Nd4 Qe5 47. Nf3 Qb2 48. Qg3 Rxe1+ 49. Nxe1 Ne4 50. Qd3 Qe5 51. Nf3
Qe6 52. Nd4 Qf7 53. Nf3 Ne7 54. Be1 Nc6 55. Qb5 Qc7 56. Qd5+ Kh7 57. c4 Ne5
58. Nxe5 dxe5 59. Qe6 Nc5 60. Qd5 Ne4 61. h4 Nc5 62. h5 Ne4 63. hxg6+ Kxg6
64. Qe6+ Kh5 65. Qg8 Kg4 66. g6 Qc6 67. Qd5 Ng3+ 68. Kg2 Qb6 69. Qd1+ Kg5
70. Bxg3 Kf6 71. Qd2 Qf2+ {White forfeits on time} 0-1

[Event "ICCopen2017"]
[Site "Internet Chess Club"]
[Date "2017.04.02"]
[Round "7"]
[White "NWRiver"]
[Black "kofigan"]
[Result "1-0"]
[ICCResult "Black forfeits on time"]
[WhiteElo "1597"]
[BlackElo "1191"]
[Opening "KP: Indian opening"]
[ECO "C20"]
[NIC "KP.07"]
[Time "20:23:13"]
[TimeControl "180+0"]

1. e4 e5 2. d3 Nc6 3. Nf3 d6 4. Be2 Bg4 5. h3 Bxf3 6. Bxf3 Qe7 7. c3 O-O-O
8. Nd2 Kb8 9. b3 Nf6 10. Bb2 d5 11. exd5 Nxd5 12. Rc1 Nf4 13. Ne4 Nxd3+ 14.
Kf1 Nxc1 15. Qxc1 f5 16. Nd2 e4 17. Be2 Qd6 18. Nc4 Qg6 19. g3 Bc5 20. b4
Bb6 21. b5 Na5 22. a4 Nxc4 23. Bxc4 Rhe8 24. Be2 e3 25. h4 exf2 26. Qf4 Qe6
27. Qf3 Qb3 28. Bc1 Qb1 29. Kg2 g6 30. Bg5 Qe4 31. Bxd8 Qxf3+ 32. Kxf3 Rxd8
33. Rf1 Rd2 34. c4 Bc5 35. a5 Rd8 36. g4 fxg4+ 37. Kxg4 Rf8 38. Kg5 Be3+ 39.
Kg4 h6 40. Kg3 g5 41. hxg5 hxg5 42. Kg4 Rh8 43. Kf3 Bc5 44. Bd3 Rh4 45. Be4
g4+ 46. Kg3 Rh3+ 47. Kxg4 Rh2 48. Kg3 Rh6 49. Bf3 Rf6 50. Kg2 Rd6 51. Be2
Rd4 52. Rxf2 Rd2 53. Rf8+ Bxf8 54. Kf3 Rc2 55. Bd3 Rb2 56. Ke4 Ra2 57. Kd5
Rxa5 58. c5 Ra1 59. c6 bxc6+ 60. bxc6 Bb4 61. Bb5 Rc1 62. Ke6 Bd2 63. Kd7
Rb1 64. Kd8 {Black forfeits on time} 1-0

[Event "ICCopen2017"]
[Site "Internet Chess Club"]
[Date "2017.04.02"]
[Round "7"]
[White "yummy2"]
[Black "Alinochka199217"]
[Result "1-0"]
[ICCResult "Black forfeits on time"]
[WhiteElo "2703"]
[BlackElo "2523"]
[Opening "Sicilian: Najdorf, Byrne (English) attack"]
[ECO "B90"]
[NIC "SI.14"]
[Time "20:25:08"]
[TimeControl "180+0"]

1. e4 c5 2. Nf3 d6 3. d4 Nf6 4. Nc3 cxd4 5. Nxd4 a6 6. Be3 Ng4 7. Bg5 h6 8.
Bh4 g5 9. Bg3 Bg7 10. h3 Ne5 11. Be2 Nbc6 12. Nb3 b5 13. a4 b4 14. Nd5 Ng6
15. Rb1 O-O 16. O-O Be6 17. Bh5 Nge5 18. f4 Nc4 19. fxg5 hxg5 20. Qc1 f6 21.
Be2 N6e5 22. Nd4 Bf7 23. b3 Nb6 24. Ne3 e6 25. Qd2 Qe7 26. Qxb4 Rfb8 27.
Bxe5 fxe5 28. Nc6 Qc7 29. Nxb8 Rxb8 30. Qd2 a5 31. Kh1 d5 32. Bd3 Qe7 33.
Qxa5 d4 34. Ng4 Nd7 35. Qc7 Bh5 36. Nh2 Qd8 37. Qxd8+ Rxd8 38. b4 Nf6 39. a5
Bg6 40. Rfe1 Nh5 41. a6 Bh6 42. Ng4 Bg7 43. b5 Nf4 44. b6 Bh5 45. b7 Bxg4
46. hxg4 Bf8 47. b8=Q Rxb8 48. Rxb8 Ng6 49. a7 Nh4 50. Rxf8+ Kxf8 51. a8=Q+
Kg7 52. Rf1 Ng6 53. Qb7+ Kh6 54. Qb3 {Black forfeits on time} 1-0

[Event "ICCopen2017"]
[Site "Internet Chess Club"]
[Date "2017.04.02"]
[Round "8"]
[White "ehkopean"]
[Black "BenkoChess"]
[Result "0-1"]
[ICCResult "White resigns"]
[WhiteElo "1632"]
[BlackElo "1829"]
[Opening "Sicilian: closed"]
[ECO "B23"]
[NIC "SI.44"]
[Time "20:32:08"]
[TimeControl "180+0"]

1. e4 c5 2. Nc3 e6 3. f4 d5 4. exd5 exd5 5. Nf3 Nc6 6. Bb5 a6 7. Bxc6+ bxc6
8. d3 Bd6 9. O-O Ne7 10. Ne5 O-O 11. Qf3 f6 12. Ng4 Bf5 13. Re1 Re8 14. Bd2
Rb8 15. b3 Qd7 16. Qg3 Bxg4 {White resigns} 0-1

[Event "ICCopen2017"]
[Site "Internet Chess Club"]
[Date "2017.04.02"]
[Round "8"]
[White "Sc6"]
[Black "VrloJakMK"]
[Result "1-0"]
[ICCResult "Black checkmated"]
[WhiteElo "1736"]
[BlackElo "1956"]
[Opening "French: Winawer, classical variation"]
[ECO "C18"]
[NIC "FR.11"]
[Time "20:31:47"]
[TimeControl "180+0"]

1. e4 e6 2. d4 d5 3. Nc3 Bb4 4. e5 c5 5. a3 Bxc3+ 6. bxc3 Qc7 7. Nf3 Ne7 8.
a4 b6 9. Bb5+ Bd7 10. Bxd7+ Nxd7 11. O-O O-O 12. Re1 Rfc8 13. Bd2 Nc6 14.
Ng5 h6 15. Nxf7 Kxf7 16. Qh5+ Kg8 17. Qg6 Nf8 18. Qg3 Kh8 19. Qh4 Qe7 20.
Qh3 Qf7 21. Re3 cxd4 22. Rf3 Qg6 23. Rg3 Qxc2 24. Bxh6 gxh6 25. Qxh6+ Qh7
26. Qf6+ Qg7 27. Qxg7# {Black checkmated} 1-0

[Event "ICCopen2017"]
[Site "Internet Chess Club"]
[Date "2017.04.02"]
[Round "8"]
[White "vishweshk"]
[Black "Ajolote"]
[Result "1-0"]
[ICCResult "Black resigns"]
[WhiteElo "1856"]
[BlackElo "1545"]
[Opening "Queen's pawn game"]
[ECO "A45"]
[NIC "QP.07"]
[Time "20:32:03"]
[TimeControl "180+0"]

1. d4 Nf6 2. e3 e6 3. Bd3 Be7 4. Nf3 b6 5. c3 Bb7 6. Nbd2 O-O 7. e4 c5 8. h4
c4 9. Bc2 d5 10. e5 Nfd7 11. Bxh7+ Kxh7 12. Ng5+ Kg8 13. Qh5 Bxg5 14. hxg5
{Black resigns}
1-0

[Event "ICCopen2017"]
[Site "Internet Chess Club"]
[Date "2017.04.02"]
[Round "8"]
[White "Zheus"]
[Black "kamalchandran"]
[Result "1-0"]
[ICCResult "Black resigns"]
[WhiteElo "2007"]
[BlackElo "1827"]
[Opening "Réti opening"]
[ECO "A05"]
[NIC "QP.11"]
[Time "20:33:21"]
[TimeControl "180+0"]

1. Nf3 Nf6 2. b3 g6 3. Bb2 Bg7 4. e3 O-O 5. d4 d6 6. Be2 c6 7. O-O Nbd7 8.
c4 Re8 9. Nc3 Qc7 10. Qc2 e5 11. Rad1 Nb6 12. Rfe1 Bf5 13. e4 exd4 14. exf5
dxc3 15. Bxc3 d5 16. fxg6 hxg6 17. Bxf6 Bxf6 18. cxd5 Nxd5 19. Rxd5 Qa5 20.
Rxa5 {Black resigns} 1-0

[Event "ICCopen2017"]
[Site "Internet Chess Club"]
[Date "2017.04.02"]
[Round "8"]
[White "kwameh72"]
[Black "Dewey"]
[Result "1-0"]
[ICCResult "Black resigns"]
[WhiteElo "1531"]
[BlackElo "1372"]
[Opening "Blackmar gambit"]
[ECO "D00"]
[NIC "QP.08"]
[Time "20:33:08"]
[TimeControl "180+0"]

1. d4 d5 2. e4 dxe4 3. Nc3 Nf6 4. f3 Bf5 5. g4 Bg6 6. g5 Nd5 7. Nxe4 Bxe4 8.
fxe4 Nb6 9. Nf3 e6 10. c3 Be7 11. Bg2 c6 12. O-O N8d7 13. a4 h5 14. a5 Nc8
15. d5 cxd5 16. exd5 Qxa5 17. Rxa5 {Black resigns} 1-0

[Event "ICCopen2017"]
[Site "Internet Chess Club"]
[Date "2017.04.02"]
[Round "8"]
[White "Step2Me"]
[Black "hecan58"]
[Result "0-1"]
[ICCResult "White resigns"]
[WhiteElo "1415"]
[BlackElo "1779"]
[Opening "Scandinavian defense"]
[ECO "B01"]
[NIC "SD.03"]
[Time "20:32:00"]
[TimeControl "180+0"]

1. e4 d5 2. exd5 Nf6 3. Nf3 Nxd5 4. Be2 Nf4 5. O-O Bg4 6. d4 Nxe2+ 7. Qxe2
Nc6 8. c3 Qd7 9. Be3 O-O-O 10. Nbd2 e5 11. Qb5 f6 12. a4 a6 13. Qc4 h5 14.
Ne4 Bxf3 15. gxf3 exd4 16. cxd4 Qh3 17. d5 Ne5 18. Qd4 Nxf3+ {White resigns}
0-1